 Dungeon Crawl Stone Soup version 0.17-a0-1753-g75d4604 (webtiles) character file.

26069 achirane the Severer (level 13, -2/103 HPs)
             Began as a Formicid Fighter on Sept 2, 2015.
             Was an Initiate of Gozag.
             Slain by an eight-headed hydra (7 damage)
             ... on level 5 of the Lair of Beasts.
             The game lasted 02:35:11 (19827 turns).

achirane the Severer (Formicid Fighter)            Turns: 19827, Time: 02:35:11

Health: -2/103     AC: 16    Str: 34    XL:     13   Next: 55%
Magic:  13/13      EV: 10    Int:  9    God:    Gozag
Gold:   2630       SH:  0    Dex: 19    Spells: 0 memorised, 12 levels left

rFire  + . .     SeeInvis +     g - +0 scimitar (flame)
rCold  + . .     Clarity  .     z - +0 ring mail of Untruth {*Contam Str+4 Dex+5}
rNeg   . . .     SustAt   .     (no shield)
rPois  +         Gourm    .     (helmet unavailable)
rElec  +         Spirit   .     G - +2 cloak {rPois}
rCorr  +         Warding  .     P - +0 pair of gloves
rMut   .         Stasis   +     Z - +2 pair of boots
MR     ++...                    (no amulet)
Stlth  +.........               y - +4 ring of dexterity
                                n - ring of protection from magic

@: mighty, resistant, very resistant to hostile enchantments, very unstealthy
A: permanent stasis, dig shafts and tunnels, four strong arms, antennae 3
a: Dig, Shaft Self, Potion Petition, Call Merchant, Bribe Branch, Renounce
Religion


You were on level 5 of the Lair of Beasts.
You worshipped Gozag.
Gozag was noncommittal.
You were not hungry.

You visited 2 branches of the dungeon, and saw 16 of its levels.
You also visited: Sewer.

You collected 3259 gold pieces.
You paid 629 gold pieces to Gozag.

Inventory:

Hand weapons
 a - a +6 broad axe of chopping
 g - a +0 scimitar of flaming (weapon)
 q - a +0 battleaxe of chopping
 r - a +0 hunting sling
 I - a +3 quarterstaff of chaos
Missiles
 h - 229 stones
 i - 3 javelins (quivered)
 v - 79 sling bullets
 O - 3 tomahawks
Armour
 c - a +0 shield
 t - a +6 fire dragon armour
 z - the +0 ring mail of Untruth (worn) {*Contam Str+4 Dex+5}
   (You found it in a sewer)

   It affects your strength (+4).
   It affects your dexterity (+5).
   It causes magical contamination when unequipped.
 G - a +2 cloak of poison resistance (worn)
 P - a +0 pair of gloves (worn)
 Z - a +2 pair of boots (worn)
Magical staves
 D - an uncursed staff of air
 Q - an uncursed staff of cold
Jewellery
 n - a ring of protection from magic (left hand)
 y - a +4 ring of dexterity (right hand)
Magical devices
 x - a wand of cold (1)
 F - a wand of polymorph (6)
 H - a wand of lightning (9)
 N - a wand of heal wounds (7)
 S - a wand of enslavement (5)
 W - a wand of fireball (6)
 Y - a wand of teleportation (5)
Scrolls
 b - 5 scrolls of amnesia
 d - a scroll of fog {unknown}
 k - 5 scrolls of immolation
 E - a scroll of recharging
 M - 5 scrolls of remove curse
 R - a scroll of magic mapping
 T - a scroll of summoning
Potions
 m - a potion of cure mutation
 o - a potion of agility
 p - a potion of invisibility {unknown}
 u - 2 potions of flight
 B - a potion of poison {unknown}
 C - 2 potions of curing
 K - 2 potions of brilliance
 L - a potion of mutation {unknown}
 U - 3 potions of haste {unknown}
Books
 f - a book of Beasts

   Spells                             Type                      Level
   a - Summon Butterflies             Summoning                    1
   b - Call Canine Familiar           Summoning                    3
   c - Summon Ice Beast               Ice/Summoning                4
   d - Summon Mana Viper              Hexes/Summoning              5
   e - Summon Hydra                   Summoning                    7
 s - a book of Enchantments

   Spells                             Type                      Level
   a - Cause Fear                     Hexes                        4
   b - Silence                        Hexes/Air                    5
   c - Deflect Missiles               Charms/Air                   6
   d - Haste                          Charms                       6
   e - Discord                        Hexes                        8
 A - a book of Dreams

   Spells                             Type                      Level
   a - Ensorcelled Hibernation        Hexes/Ice                    2
   b - Phase Shift                    Translocation                5
   c - Shadow Creatures               Summoning                    5
   d - Silence                        Hexes/Air                    5
   e - Darkness                       Hexes                        6
   f - Mass Confusion                 Hexes                        6
Comestibles
 e - 12 bread rations
 J - 16 fruits


   Skills:
 - Level 10.0 Fighting
 - Level 16.8 Axes
 - Level 1.3 Slings
 + Level 11.1 Armour
 - Level 3.6 Shields


You had 12 spell levels left.
You didn't know any spells.

Dungeon Overview and Level Annotations

Branches:
Dungeon (11/15)            Temple (0/1) D:5            Lair (5/8) D:9
    Orc (0/4) D:9
  Swamp: Lair:3-6    Shoals: Lair:3-6     Snake: Lair:3-6    Spider: Lair:3-6

Altars:
Ashenzari
Elyvilon
Fedhas
Gozag
Makhleb
Okawaru
Ru
Vehumet
Zin

Shops:
D:5 *   D:7 (!   D:12 =

Annotations:
D:6 exclusion: 3 doors, Menkaure; shakdrar's ghost, experienced TrMo
D:9 exclusion: downstairs
Lair:1 exclusion: door


Innate Abilities, Weirdness & Mutations

You are under a permanent stasis effect.
You can dig through walls and to a lower floor.
Your four strong arms can wield two-handed weapons with a shield.
You have a pair of large antennae on your head (SInv).


Message History

The eight-headed hydra bites you but does no damage. x2
The eight-headed hydra bites you. x2
The eight-headed hydra bites you but does no damage.
The eight-headed hydra barely misses you.
The eight-headed hydra bites you!
* * * LOW HITPOINT WARNING * * *
You barely miss the eight-headed hydra.
The eight-headed hydra is heavily wounded.
The eight-headed hydra bites you!
* * * LOW HITPOINT WARNING * * *
The eight-headed hydra bites you but does no damage.
The eight-headed hydra bites you.
* * * LOW HITPOINT WARNING * * *
The eight-headed hydra bites you.
* * * LOW HITPOINT WARNING * * *
The eight-headed hydra bites you.
* * * LOW HITPOINT WARNING * * *
The eight-headed hydra bites you!
You die...
Your body crumbles into a pile of gold.

###..##.#....## #.#.#.
#PP.........#.## ###....
#.P............# #...... #
#..............#####...... ##
#...............#.##...... .##
##.................##...... ..##
#.................P##.....# ...#
##..................).....#
..#####.........@...............#
.....#.........D....(..#...#.####
....#>..#.............##..####
.......###.........<.#....#.####
.....### ##..........##......#.##
.♣..## #P.........##.#......##.
≈≈≈..#####(.......##.##.........#
≈≈≈♣♣..#.(####....##...........P#
≈≈≈≈....(#.###.#.##.............#


You could see an eight-headed hydra.

Vanquished Creatures
  Maud (D:9)
  2 hydras
  Harold (D:10)
  Erica (D:10)
  3 death yaks
  A hill giant (D:10)
  Pikel (D:5)
  2 black mambas
  5 elephants (Lair:3)
  9 spiny frogs
  2 komodo dragons
  A polar bear (Lair:1)
  11 blink frogs
  A two-headed ogre (D:8)
  A basilisk (Lair:2)
  23 yaks
  3 wolves (Lair:3)
  2 hungry ghosts
  Edmund (D:6)
  9 water moccasins
  8 porcupines
  2 ice beasts
  3 orc warriors
  2 slaves
  8 ogres
  3 sky beasts
  A black bear (D:9)
  4 centaurs
  4 crocodiles
  22 giant frogs
  A scorpion (D:10)
  2 wights
  2 electric eels (Lair:3)
  A centaur zombie (D:9)
  3 orc priests
  2 giant frog zombies
  9 hounds
  4 crimson imps
  5 iguanas
  A jelly (D:9)
  Crazy Yiuf (D:4)
  A gnoll shaman (D:10)
  3 giant frog skeletons
  A centaur skeleton (D:4)
  4 orc wizards
  4 worker ants
  12 sheep
  3 hound skeletons
  14 adders
  8 gnolls
  7 river rats
  2 shadow imps
  2 adder skeletons
  7 worms
  5 giant geckos
  22 orcs
  3 ball pythons
  17 bats
  6 giant cockroaches
  9 goblins
  8 hobgoblins
  15 jackals
  8 kobolds
  3 quokkas
  12 giant newts
  6 rats
  6 fungi
  2 plants
358 creatures vanquished.

Vanquished Creatures (others)
  A wight (D:6)
  An orc wizard (D:6)
  10 fungi
  A plant (Lair:1)
13 creatures vanquished.

Grand Total: 371 creatures vanquished

Notes
Turn   | Place    | Note
--------------------------------------------------------------
     0 | D:1      | achirane the Formicid Fighter began the quest for the Orb.
     0 | D:1      | Reached XP level 1. HP: 18/18 MP: 1/1
   169 | D:1      | Reached XP level 2. HP: 24/24 MP: 2/2
   850 | D:2      | Reached XP level 3. HP: 24/29 MP: 3/3
  1155 | D:2      | Reached skill level 4 in Axes
  1155 | D:2      | Reached XP level 4. HP: 31/35 MP: 4/4
  2085 | D:2      | Reached XP level 5. HP: 41/41 MP: 5/5
  2136 | D:3      | Found a faded altar to an unknown god.
  2197 | D:3      | Found an opulent altar of Gozag.
  2336 | D:3      | Became a worshipper of Gozag Ym Sagoz the Greedy
  2456 | D:3      | Reached skill level 5 in Axes
  2530 | D:3      | Noticed an ogre
  3041 | D:3      | Reached XP level 6. HP: 41/47 MP: 6/6
  3067 | D:3      | Noticed an ice beast
  3181 | D:4      | Reached skill level 6 in Axes
  3211 | D:4      | Found a burning altar of Makhleb.
  3227 | D:4      | Found a blossoming altar of Fedhas.
  3289 | D:4      | Found a white marble altar of Elyvilon.
  3289 | D:4      | Found a sacrificial altar of Ru.
  3350 | D:4      | Reached skill level 1 in Slings
  3601 | D:4      | Found a radiant altar of Vehumet.
  3656 | D:4      | Reached XP level 7. HP: 49/52 MP: 7/7
  4038 | D:3      | Reached skill level 7 in Axes
  4068 | D:3      | You fall through a shaft for 3 floors!
  4339 | D:6      | Noticed Menkaure
  4346 | D:6      | You fall through a shaft!
  4657 | D:7      | Found Jucifoedor's Weapon Emporium.
  4688 | D:7      | Reached skill level 8 in Axes
  4855 | D:7      | Reached XP level 8. HP: 51/58 MP: 8/8
  5037 | D:7      | Found Ludun's Distillery.
  5433 | D:5      | Entered Level 5 of the Dungeon
  5716 | D:5      | Found Zin's Purification Station.
  5721 | D:5      | Found a glowing silver altar of Zin.
  5833 | D:5      | Reached skill level 9 in Axes
  5877 | D:5      | Found a staircase to the Ecumenical Temple.
  6072 | D:5      | Found a glowing drain.
  6078 | Sewer    | Entered a sewer
  6396 | Sewer    | Reached skill level 10 in Axes
  6504 | Sewer    | Got a brightly glowing ring mail
  6526 | D:5      | Identified the +0 ring mail of Untruth {*Contam Str+4 Dex+5} (You found it in a sewer)
  7078 | D:4      | Noticed Crazy Yiuf
  7093 | D:4      | Killed Crazy Yiuf
  7190 | D:4      | Reached XP level 9. HP: 64/64 MP: 9/9
  7287 | D:3      | Killed an ice beast
  7606 | D:6      | Noticed Edmund
  7616 | D:6      | Killed Edmund
  7659 | D:6      | Noticed shakdrar's ghost (experienced TrMo)
  7674 | D:6      | Reached skill level 11 in Axes
  7680 | D:6      | Noticed Pikel
  7937 | D:5      | Killed Pikel
  8022 | D:6      | Reached skill level 12 in Axes
  8895 | D:7      | Reached XP level 10. HP: 63/70 MP: 10/10
  9112 | D:8      | Found an iron altar of Okawaru.
  9122 | D:8      | Found a shattered altar of Ashenzari.
  9143 | D:8      | Reached skill level 13 in Axes
 10174 | D:9      | Found a staircase to the Lair.
 10744 | D:9      | Found a staircase to the Orcish Mines.
 10808 | D:10     | Entered Level 10 of the Dungeon
 10910 | D:10     | Reached skill level 14 in Axes
 10944 | D:10     | Noticed Maud
 10994 | D:9      | Killed Maud
 11177 | D:10     | Reached XP level 11. HP: 66/75 MP: 11/11
 11211 | D:10     | Noticed Harold
 11437 | D:10     | Noticed Erica
 11670 | D:10     | Killed Erica
 11670 | D:10     | Reached skill level 15 in Axes
 11744 | D:10     | Killed Harold
 12304 | D:10     | Noticed a hill giant
 12319 | D:10     | Killed a hill giant
 12319 | D:10     | Reached skill level 16 in Axes
 12459 | D:10     | Noticed a manticore
 12524 | D:11     | Noticed a hill giant
 12614 | Lair:1   | Entered Level 1 of the Lair of Beasts
 13457 | Lair:1   | Noticed a seven-headed hydra
 13840 | Lair:1   | Reached XP level 12. HP: 80/83 MP: 12/12
 14063 | Lair:1   | Reached skill level 5 in Fighting
 15905 | Lair:3   | Noticed a four-headed hydra
 15959 | Lair:3   | Killed a one-headed hydra
 17152 | Lair:3   | Reached skill level 10 in Fighting
 17388 | Lair:3   | Reached skill level 5 in Armour
 17615 | Lair:3   | Reached XP level 13. HP: 98/103 MP: 13/13
 18631 | Lair:4   | Reached skill level 10 in Armour
 19827 | Lair:5   | HP: 5/103 [eight-headed hydra (3)]
 19827 | Lair:5   | Slain by an eight-headed hydra

Vault maps used:
D:1:      scummos_arrival_hexagon
D:2:      first_bread, roderic_roman_lattice, dk_noncrumbling_4
D:3:      ecumenical_altar_1, nicolae_gozag_seed_capital
D:4:      overflow_temple_1_default, old_standard_altar,
          gammafunk_temple_overflow_wave, old_standard_altar, minivault_1,
          bh_chokoban, minmay_misc_feat_five, uniq_crazy_yiuf_cottage
D:5:      zin_purify, minmay_temple_entry_enclosed_plants,
          gup_sewer_entry_bubbles, minmay_misc_feat_cross
D:6:      uniq_pikel, uniq_menkaure, uniq_edmund
D:7:      serial_shops, nicolae_shop_stone, shop, grunt_ogre_cave
D:8:      okawaru_gym_becter, basic_altar
D:9:      due_lair_maze_entry_diamond, orc_0_dummy
D:10:     serial_corexii_hall, corexii_hall_statues_l, corexii_hall_statues_s,
          uniq_harold, uniq_maud, uniq_erica
D:11:     kennysheep_generic_room_15
Lair:1:   lemuel_slime, nicolae_quartered_pool_medium, grunt_megastairs_2
Lair:2:   infiniplex_staircase_pool, lemuel_fruit_fields, lemuel_fruit_fields
Lair:3:   serial_bayou_shore_a
Lair:4:   infiniplex_staircase_pool_2
Lair:5:   serial_bayou_ford_a
Sewer:    sewer_frog_island_01

Action                   |  1- 3 |  4- 6 |  7- 9 | 10-12 | 13-15 || total
-------------------------+-------+-------+-------+-------+-------++-------
Melee: War axe           |    72 |   173 |   254 |   119 |       ||   618
       Broad axe         |       |       |       |   281 |   105 ||   386
       Scimitar          |       |       |       |     5 |     8 ||    13
 Fire: Hunting sling     |       |    22 |   190 |   285 |    73 ||   570
Throw: Stone             |    45 |    60 |     5 |    13 |       ||   123
       Javelin           |       |    12 |       |    23 |     5 ||    40
       Throwing net      |       |       |       |     3 |       ||     3
       Tomahawk          |       |       |       |    15 |       ||    15
Invok: Call Merchant     |       |       |       |     1 |       ||     1
       Potion Petition   |       |       |       |       |     1 ||     1
 Abil: Shaft Self        |       |       |     2 |       |       ||     2
Evoke: Wand              |       |       |       |     2 |     1 ||     3
  Use: Scroll            |       |    10 |     1 |    13 |     3 ||    27
       Potion            |       |       |     1 |     6 |     1 ||     8
 Stab: Held in net/web   |       |       |       |     4 |       ||     4
       Distracted        |       |       |       |       |     1 ||     1
  Eat: Chunk             |     1 |     4 |       |       |       ||     5
       Royal jelly       |       |     1 |     1 |       |       ||     2
       Beef jerky        |       |     1 |       |     4 |     4 ||     9
       Fruit             |       |       |     6 |     1 |       ||     7
       Meat ration       |       |       |     3 |     4 |     1 ||     8
       Bread ration      |       |       |     1 |       |       ||     1
       Pizza             |       |       |     1 |     1 |       ||     2
